 Dungeon Crawl Stone Soup version 0.27.1-2-g3b301248ec (webtiles) character file.

Game seed: 6860350381139065809

4654 Rickety the Magician (level 10, -6/106 (111) HPs)
             Began as a Gnoll Venom Mage on Sept 25, 2021.
             Was a Believer of Sif Muna.
             Mangled by a vampire (12 damage)
             ... on level 9 of the Dungeon.
             The game lasted 00:34:17 (11759 turns).

Rickety the Magician (Gnoll Venom Mage)            Turns: 11759, Time: 00:34:18

HP:   -6/106 (111)  AC:  6    Str:  7    XL:     10   Next: 43%
MP:   21/21         EV: 14    Int: 18    God:    Sif Muna [**....]
Gold: 546           SH:  5    Dex: 13    Spells: 10/23 levels left

rFire    + . .     SeeInvis .   b - +0 dagger (holy)
rCold    + . .     Faith    .   o - +0 buckler
rNeg     . . .     Spirit   .   r - +0 troll leather armour
rPois    +         Reflect  .   l - +0 helmet
rElec    +         Harm     .   (no cloak)
rCorr    +         Rampage  .   (no gloves)
Will     +....                  (no boots)
Stlth    ..........             (no amulet)
HPRegen  1.27/turn              p - ring of willpower
MPRegen  0.17/turn              (no ring)

@: berserking, resistant, lightly drained, very quick
A: fangs 1, strong nose, distributed training
a: Renounce Religion, Channel Magic


You were on level 9 of the Dungeon.
You worshipped Sif Muna.
Sif Muna was pleased with you.
You visited 2 branches of the dungeon, and saw 11 of its levels.

You collected 546 gold pieces.

Inventory:

Hand Weapons
 a - a +0 demon blade
 b - a +0 dagger of holy wrath (weapon)
 c - a +0 antimagic flail
 f - a +0 whip of flaming
 n - a +0 vorpal hunting sling
Missiles
 I - 6 poisoned darts
Armour
 i - a +2 robe of cold resistance
 l - a +0 helmet (worn)
 o - a +0 buckler (worn)
 q - a +2 leather armour of fire resistance
 r - a +0 troll leather armour (worn)
 G - a +2 kite shield
Jewellery
 p - a ring of willpower (left hand)
Wands
 d - a wand of mindburst (10)
 w - a wand of iceblast (8)
 y - a wand of flame (18)
 C - a wand of acid (16)
 D - a wand of digging (6)
 J - a wand of polymorph (3)
Scrolls
 e - 2 scrolls of noise
 h - 2 scrolls of amnesia {unknown}
 k - 2 scrolls of enchant weapon {unknown}
 m - 3 scrolls of enchant armour {unknown}
 s - a scroll of vulnerability {unknown}
 u - a scroll of summoning {unknown}
 x - 3 scrolls of magic mapping
 F - 3 scrolls of teleportation
 H - 2 scrolls of fog {unknown}
Potions
 g - a potion of invisibility
 z - 2 potions of flight
 A - a potion of attraction
 E - a potion of brilliance {unknown}
 K - a potion of resistance


   Skills:
 + Level 5.2 Fighting
 + Level 5.2 Short Blades
 + Level 5.2 Long Blades
 + Level 5.2 Axes
 + Level 5.2 Maces & Flails
 + Level 5.2 Polearms
 + Level 5.2 Staves
 + Level 5.2 Slings
 + Level 5.2 Bows
 + Level 5.2 Crossbows
 + Level 5.2 Throwing
 + Level 5.2 Armour
 + Level 7.1 Dodging
 + Level 6.8 Stealth
 + Level 5.2 Shields
 + Level 5.2 Unarmed Combat
 + Level 7.3 Spellcasting
 + Level 4.3 Conjurations
 + Level 4.3 Hexes
 + Level 4.3 Summonings
 + Level 4.3 Necromancy
 + Level 4.3 Translocations
 + Level 4.9 Transmutations
 + Level 4.3 Fire Magic
 + Level 4.3 Ice Magic
 + Level 4.3 Air Magic
 + Level 4.3 Earth Magic
 + Level 7.1 Poison Magic
 + Level 5.8 Invocations
 + Level 5.2 Evocations


You had 10 spell levels left.
You knew the following spells:

 Your Spells              Type           Power      Damage    Failure   Level
a - Sting                 Tmut/Pois      100%       1d8       1%          1
d - Dazzling Flash        Conj/Hex       44%        N/A       8%          3
m - Mephitic Cloud        Conj/Pois/Air  25%        N/A       4%          3
v - Poisonous Vapours     Pois/Air       54%        N/A       1%          2
x - Olgreb's Toxic Radia  Pois           32%        N/A       8%          4

Your spell library contained the following spells:

 Spells                   Type           Power      Damage    Failure   Level
 Animate Skeleton         Necr           44%        N/A       2%          1
 Apportation              Tloc           44%        N/A       2%          1
 Corona                   Hex            24%        N/A       2%          1
 Summon Small Mammal      Summ           88%        N/A       2%          1
 Call Canine Familiar     Summ           22%        N/A       8%          3
 Frozen Ramparts          Ice            44%        1d6       8%          3
 Portal Projectile        Hex/Tloc       44%        N/A       8%          3
 Ice Form                 Ice/Tmut       23%        N/A       22%         4
 Fulminant Prism          Conj/Hex       11%        3d9       24%         4
 Iskenderun's Mystic Bla  Conj/Tloc      22%        2d6       24%         4
 Leda's Liquefaction      Hex/Erth       11%        N/A       24%         4
 Summon Ice Beast         Ice/Summ       22%        N/A       24%         4
 Lee's Rapid Deconstruct  Erth           11%        3d9*      56%         5
 Starburst                Conj/Fire      11%        6d5       98%         6


Dungeon Overview and Level Annotations

Branches:
Dungeon (10/15)            Temple (1/1) D:5             Orc (0/2) D:9
   Lair: D:8-11

Altars:
Ashenzari
Cheibriados
Dithmenos
Elyvilon
Fedhas
Gozag
Hepliaklqana
Kikubaaqudgha
Makhleb
Nemelex Xobeh
Okawaru
Qazlal
Ru
Sif Muna
Trog
Uskayaw
Vehumet
Wu Jian
Xom
Yredelemnul
Zin
The Shining One

Annotations:
D:10 Maggie


Innate Abilities, Weirdness & Mutations

You have very sharp teeth.
Your uncanny sense of smell can sniff out nearby items.
Your experience applies equally to all skills.


Message History

The vampire is lightly damaged.
You block the vampire's attack. The vampire bites you.
The vampire draws strength from your injuries!
You hit the vampire but do no damage. Your bite misses the vampire.
The vampire is lightly damaged.
You closely miss the vampire.
The vampire is lightly damaged.
The vampire hits you! The vampire completely misses you.
You closely miss the vampire. You bite the vampire, but do no damage.
The vampire is lightly damaged.
The vampire hits you!
The vampire bites you but does no damage.
It was a potion of resistance.
You feel protected. The vampire closely misses you. The vampire bites you.
* * * LOW HITPOINT WARNING * * *
The vampire draws strength from your injuries!
You hit the vampire but do no damage.
The vampire gestures wildly while chanting.
The vampire flickers and vanishes!
Deactivating autopickup; reactivate with Ctrl-A.
You miss something. You hit something but do no damage. Something hits you.
* * * LOW HITPOINT WARNING * * *
Something bites you!
* * * LOW HITPOINT WARNING * * *
Something draws strength from your injuries!
You feel better. Something hits you but does no damage. Something bites you!
* * * LOW HITPOINT WARNING * * *
Something draws strength from your injuries!
It was a potion of berserk rage.
A red film seems to cover your vision as you go berserk!
You feel yourself moving faster!
You feel mighty! Something hits you but does no damage. Something bites you.
* * * LOW HITPOINT WARNING * * *
Something draws strength from your injuries!
You hit something but do no damage. Something hits you!
* * * LOW HITPOINT WARNING * * *
Something bites you!
You die...

##.'.........#### #......### #
####.........# #####.## # #
#.........# ##..# # ###.#######
#))## # ##...### #####.#### ### #
#......# #...([...# ###..
#####.>....# #........# #.'..
#..........# ####.....(..# #.#..
..###......####{@.........###.#..
### #.>.........##........#...#..
# #......#######........#.###.. #
####.### #........#.# ##+ # #..#
#..........# #. # ##.##
#........### #. #..# ###.######
## #.## #.## # # ##.##### #..#
#####


There were no monsters in sight!

Vanquished Creatures
  Pikel (D:7)
  A troll (D:7)
  A wyvern (D:9)
  Menkaure (D:7)
  3 water moccasins
  An ice beast (D:7)
  An orc warrior (D:8)
  4 ogres
  2 sky beasts
  3 centaurs
  2 kobold brigands
  2 bullfrogs
  A phantom (D:4)
  2 gnoll sergeants
  2 scorpions
  A water moccasin skeleton (D:5)
  A water moccasin zombie (D:7)
  10 killer bees
  6 wights
  A howler monkey (D:6)
  3 jellies
  5 orc priests
  3 hounds
  3 gnoll shamans
  Jessica (D:2)
  2 iguanas
  4 orc wizards
  Robin (D:3)
  25 gnolls
  10 adders
  An ufetubus (D:6)
  An adder zombie (D:5)
  A worm (D:3)
  5 dart slugs
  21 orcs
  5 ball pythons
  3 bats
  5 endoplasms
  4 giant cockroaches
  19 goblins
  9 hobgoblins
  3 jackals (D:4)
  3 quokkas
  2 frilled lizards
  16 kobolds
  12 rats
213 creatures vanquished.

Vanquished Creatures (others)
  7 plants (D:2)
7 creatures vanquished.

Grand Total: 220 creatures vanquished

Notes
Turn   | Place    | Note
-------+----------+-------------------------------------------
     0 | D:1      | Rickety the Gnoll Venom Mage began the quest for the Orb.
     0 | D:1      | Reached XP level 1. HP: 13/13 MP: 6/6
   158 | D:1      | Reached XP level 2. HP: 19/19 MP: 1/7
   828 | D:1      | Reached XP level 3. HP: 18/25 MP: 7/9
   831 | D:1      | Learned a level 2 spell: Poisonous Vapours
   835 | D:1      | Learned a level 3 spell: Mephitic Cloud
  1016 | D:1      | Reached skill level 5 in Spellcasting
  1362 | D:1      | Reached skill level 1 in Invocations
  1855 | D:2      | Reached skill level 1 in Fighting
  1855 | D:2      | Reached skill level 1 in Short Blades
  1855 | D:2      | Reached skill level 1 in Long Blades
  1855 | D:2      | Reached skill level 1 in Axes
  1855 | D:2      | Reached skill level 1 in Maces & Flails
  1855 | D:2      | Reached skill level 1 in Polearms
  1855 | D:2      | Reached skill level 1 in Staves
  1855 | D:2      | Reached skill level 1 in Slings
  1855 | D:2      | Reached skill level 1 in Bows
  1855 | D:2      | Reached skill level 1 in Crossbows
  1855 | D:2      | Reached skill level 1 in Throwing
  1855 | D:2      | Reached skill level 1 in Armour
  1855 | D:2      | Reached skill level 1 in Shields
  1855 | D:2      | Reached skill level 1 in Unarmed Combat
  1855 | D:2      | Reached skill level 1 in Evocations
  2099 | D:2      | Noticed Jessica
  2176 | D:2      | Reached XP level 4. HP: 32/32 MP: 8/11
  2290 | D:2      | Killed Jessica
  2552 | D:2      | Reached skill level 1 in Conjurations
  2552 | D:2      | Reached skill level 1 in Hexes
  2552 | D:2      | Reached skill level 1 in Summonings
  2552 | D:2      | Reached skill level 1 in Necromancy
  2552 | D:2      | Reached skill level 1 in Translocations
  2552 | D:2      | Reached skill level 1 in Fire Magic
  2552 | D:2      | Reached skill level 1 in Ice Magic
  2552 | D:2      | Reached skill level 1 in Air Magic
  2552 | D:2      | Reached skill level 1 in Earth Magic
  2638 | D:2      | Reached XP level 5. HP: 9/37 MP: 1/12
  2887 | D:2      | Found a faded altar of an unknown god.
  3449 | D:3      | Noticed Robin
  3757 | D:3      | Killed Robin
  4241 | D:2      | Learned a level 4 spell: Olgreb's Toxic Radiance
  4383 | D:3      | Reached XP level 6. HP: 33/44 MP: 3/13
  5229 | D:3      | Reached skill level 5 in Dodging
  6152 | D:4      | Reached XP level 7. HP: 44/50 MP: 8/15
  6526 | D:5      | Entered Level 5 of the Dungeon
  6602 | D:5      | Found a staircase to the Ecumenical Temple.
  6618 | Temple   | Entered the Ecumenical Temple
  6749 | Temple   | Became a worshipper of Sif Muna the Loreminder
  6944 | D:5      | Reached skill level 5 in Stealth
  7312 | D:5      | Reached XP level 8. HP: 47/57 MP: 16/16
  8512 | D:6      | Reached XP level 9. HP: 65/65 MP: 8/18
  8726 | D:6      | Reached * piety under Sif Muna
  9001 | D:7      | Noticed Menkaure
  9030 | D:7      | Killed Menkaure
  9262 | D:7      | Noticed Pikel
  9272 | D:7      | Killed Pikel
  9398 | D:7      | Learned a level 3 spell: Dazzling Flash
  9484 | D:7      | Reached skill level 5 in Invocations
  9930 | D:8      | Reached XP level 10. HP: 72/73 MP: 2/20
 10304 | D:8      | Reached skill level 5 in Fighting
 10304 | D:8      | Reached skill level 5 in Short Blades
 10304 | D:8      | Reached skill level 5 in Long Blades
 10304 | D:8      | Reached skill level 5 in Axes
 10304 | D:8      | Reached skill level 5 in Maces & Flails
 10304 | D:8      | Reached skill level 5 in Polearms
 10304 | D:8      | Reached skill level 5 in Staves
 10304 | D:8      | Reached skill level 5 in Slings
 10304 | D:8      | Reached skill level 5 in Bows
 10304 | D:8      | Reached skill level 5 in Crossbows
 10304 | D:8      | Reached skill level 5 in Throwing
 10304 | D:8      | Reached skill level 5 in Armour
 10304 | D:8      | Reached skill level 5 in Shields
 10304 | D:8      | Reached skill level 5 in Unarmed Combat
 10304 | D:8      | Reached skill level 5 in Evocations
 10443 | D:8      | Reached ** piety under Sif Muna
 10777 | D:9      | Found a staircase to the Orcish Mines.
 11663 | D:10     | Entered Level 10 of the Dungeon
 11688 | D:10     | Noticed Maggie
 11715 | D:10     | Found a shimmering altar of Xom.
 11759 | D:9      | Mangled by a vampire

Illustrated notes

Levels and vault maps discovered:
D:1:      dpeg_arrival_round_b, layout_basic, minmay_misc_feat_encased,
          minmay_hedge_maze, minmay_rat_gold_closets
D:2:      layout_rooms, hellmonk_ecumenical_altar_zigzags, serial_rivers,
          chequers_serial_rivers_micro_d, chequers_serial_rivers_micro_d,
          chequers_serial_rivers_micro_b, chequers_serial_rivers_micro_d,
          chequers_serial_rivers_small_3, chequers_serial_rivers_large_b,
          serial_bayou_lagoon_a, uniq_jessica
D:3:      layout_rooms, uniq_robin
D:4:      layout_basic
D:5:      layout_cave_pools, minmay_temple_entry_overgrown
D:6:      layout_rooms, serial_park_tiny_2
D:7:      layout_loops_ring, uniq_pikel, uniq_menkaure
D:8:      layout_basic
D:9:      layout_roguey, orc_0_dummy
D:10:     layout_roguey, xom_butterflies, grunt_decor_arrowhead, uniq_grum,
          uniq_josephine, uniq_maggie
Temple:   kilobyte_greek_temple

Skill      XL: |  1  2  3  4  5  6  7  8  9 10 |
---------------+-------------------------------+-----
Transmutations | 2 3 4 |  4.9
Spellcasting   | 5 6 7 |  7.3
Invocations    | 1 2 3 4 5 |  5.8
Fighting       | 1 2 3 4 5 |  5.2
Short Blades   | 1 2 3 4 5 |  5.2
Long Blades    | 1 2 3 4 5 |  5.2
Axes           | 1 2 3 4 5 |  5.2
Maces & Flails | 1 2 3 4 5 |  5.2
Polearms       | 1 2 3 4 5 |  5.2
Staves         | 1 2 3 4 5 |  5.2
Slings         | 1 2 3 4 5 |  5.2
Bows           | 1 2 3 4 5 |  5.2
Crossbows      | 1 2 3 4 5 |  5.2
Throwing       | 1 2 3 4 5 |  5.2
Armour         | 1 2 3 4 5 |  5.2
Shields        | 1 2 3 4 5 |  5.2
Unarmed Combat | 1 2 3 4 5 |  5.2
Evocations     | 1 2 3 4 5 |  5.2
Conjurations   | 1 2 3 4 |  4.3
Hexes          | 1 2 3 4 |  4.3
Summonings     | 1 2 3 4 |  4.3
Necromancy     | 1 2 3 4 |  4.3
Translocations | 1 2 3 4 |  4.3
Fire Magic     | 1 2 3 4 |  4.3
Ice Magic      | 1 2 3 4 |  4.3
Air Magic      | 1 2 3 4 |  4.3
Earth Magic    | 1 2 3 4 |  4.3
Dodging        | 5 6 7 |  7.1
Stealth        | 5 6 |  6.8
Poison Magic   | 6 7 |  7.1

Action                   |  1- 3 |  4- 6 |  7- 9 | 10-12 || total
-------------------------+-------+-------+-------+-------++-------
Melee: Dagger            |    28 |     6 |   127 |    65 ||   226
       Bite              |       |     5 |    16 |    10 ||    31
       Demon blade       |       |    75 |    95 |    53 ||   223
       Flail             |       |       |     5 |       ||     5
 Cast: Sting             |    43 |    72 |    92 |    13 ||   220
       Poisonous Vapours |       |    56 |    37 |    11 ||   104
       Mephitic Cloud    |       |     4 |     9 |     3 ||    16
       Olgreb's Toxic Ra |       |       |     5 |    13 ||    18
Evoke: Wand              |       |       |     1 |       ||     1
  Use: Potion            |       |     1 |     1 |     5 ||     7
       Scroll            |       |       |     7 |     1 ||     8
 Stab: Sleeping          |     8 |       |     4 |     2 ||    14
       Confused          |       |     1 |     3 |     1 ||     5
Armor: Robe              |     3 |    22 |       |       ||    25
       Troll leather arm |       |     5 |    39 |    16 ||    60
       Leather armour    |       |     2 |       |       ||     2
Dodge: Dodged            |    28 |   101 |   144 |    77 ||   350
Block: Buckler           |       |    15 |    42 |    29 ||    86
       Rpst.: Demon blade |       |    22 |    17 |     6 ||    45
